 Dungeon Crawl Stone Soup version 0.23-a0-319-gb40ba49 (webtiles) character file.

62 Amnesiac the Digger (level 3, -1/28 HPs)
             Began as a Deep Dwarf Earth Elementalist on Oct 15, 2018.
             Slain by a slave (7 damage)
             ... led by Pikel
             ... on level 4 of the Dungeon.
             The game lasted 00:03:57 (649 turns).

Amnesiac the Digger (Deep Dwarf Earth Elementalist)  Turns: 649, Time: 00:03:57

Health: -1/28      AC:  2    Str: 11    XL:     3   Next: 85%
Magic:  1/6        EV: 12    Int: 16    God:
Gold:   46         SH:  0    Dex: 13    Spells: 3/6 levels left

rFire    . . .     SeeInvis .   e - +0 short sword
rCold    . . .     Gourm    .   (no shield)
rNeg     . . .     Faith    .   c - +0 robe
rPois    .         Spirit   .   (no helmet)
rElec    .         Reflect  .   (no cloak)
rCorr    .         Harm     .   (no gloves)
MR       .....                  (no boots)
Stlth    ++++......             (no amulet)
HPRegen  0.00/turn              f - ring of stealth
MPRegen  0.10/turn              j - ring of stealth

@: non-regenerating
A: damage resistance, heal wounds, sense surroundings 1, no regeneration
a: Heal Wounds


You were on level 4 of the Dungeon.
You were not hungry.

You visited 1 branch of the dungeon, and saw 4 of its levels.

You collected 46 gold pieces.

Inventory:

Hand Weapons
 e - a +0 short sword (weapon)
Missiles
 b - 6 stones (quivered)
 g - a throwing net
Armour
 c - a +0 robe (worn)
Jewellery
 f - a ring of stealth (left hand)
 j - a ring of stealth (right hand)
Scrolls
 i - 2 scrolls of remove curse {!r}
Potions
 h - a potion of curing {!q}
 l - a potion of cancellation {!q}
Comestibles
 a - 6 chunks of flesh
 d - 4 rations


   Skills:
 + Level 0.2 Short Blades
 - Level 2.1 Dodging
 - Level 2.4 Stealth
 + Level 2.4 Spellcasting
 - Level 0.8 Transmutations
 * Level 5.7 Earth Magic


You had 3 spell levels left.
You knew the following spells:

 Your Spells              Type           Power        Failure   Level  Hunger
a - Sandblast             Erth           ###...       1%          1    #......
b - Passwall              Tmut/Erth      ##......     8%          2    ###....

Your spell library contained the following spells:

 Spells                   Type           Power        Failure   Level  Hunger
 Stone Arrow              Conj/Erth      ##....       19%         3    ###....
 Petrify                  Tmut/Erth      ##......     45%         4    #####..
 Lee's Rapid Deconstruct  Erth           ###.......   45%         5    ######.


Dungeon Overview and Level Annotations

Branches:
Dungeon (4/15)
 Temple: D:4-7

Altars:

Portals:
Sewer: D:4

Annotations:
D:4 Pikel


Innate Abilities, Weirdness & Mutations

You are resistant to damage.
You can heal yourself by infusing magical energy.
You passively map a small area around you.
You do not regenerate.


Message History

Found 2 scrolls of remove curse.
Found a ration.
i - 2 scrolls of remove curse {!r} You hear the slow rusting of a very distant drain.
Found 8 gold pieces.
d - 4 rations (gained 1) Some of the chunks of flesh in your inventory have rotted away.
Casting: Sandblast (safe; 1% risk of failure)
Confirm with . or Enter, or press ? or * to list all spells.
Aiming: Passwall (safe; 8% risk of failure)
Press: ? - help, Dir - move target cursor A rock wall.
You begin to meditate on the wall.
You continue meditating on the rock. x3
You finish merging with the rock.
Found 15 gold pieces.
Casting: Passwall (safe; 8% risk of failure)
Confirm with . or Enter, or press ? or * to list all spells.
Aiming: Passwall (safe; 8% risk of failure)
Press: ? - help, Dir - move target cursor A rock wall.
You begin to meditate on the wall.
You continue meditating on the rock. x3
You finish merging with the rock.
Casting: Passwall (safe; 8% risk of failure)
Confirm with . or Enter, or press ? or * to list all spells.
Aiming: Passwall (safe; 8% risk of failure)
Press: ? - help, Dir - move target cursor A rock wall.
Okay, then.
You are starting to lose your buoyancy.
You float gracefully downwards.
Press: ? - help, v - describe, . - travel A translucent stone wall.
Casting: Passwall (safe; 8% risk of failure)
Confirm with . or Enter, or press ? or * to list all spells.
You don't know that spell.
Unknown command.
Casting: Passwall (safe; 8% risk of failure)
Confirm with . or Enter, or press ? or * to list all spells.
Aiming: Sandblast (safe; 1% risk of failure)
Press: ? - help, Shift-Dir - straight line, f - slave
Aim: a slave, wearing an animal skin (hasn't noticed you)
The blast of sand hits the slave.
The slave is lightly wounded.
b - 8 stones Unknown command.
Casting: Sandblast (safe; 1% risk of failure)
Confirm with . or Enter, or press ? or * to list all spells.
Aiming: Sandblast (safe; 1% risk of failure)
Press: ? - help, Shift-Dir - straight line, f/p - slave
Aim: a slave, wearing an animal skin (lightly wounded)
The blast of sand hits the slave.
The slave is moderately wounded.
b - 7 stones Unknown command.
Casting: Sandblast (safe; 1% risk of failure)
Confirm with . or Enter, or press ? or * to list all spells.
Aiming: Sandblast (safe; 1% risk of failure)
Press: ? - help, Shift-Dir - straight line, f/p - slave
Aim: a slave, wearing an animal skin (moderately wounded)
The blast of sand hits the slave.
The slave is heavily wounded.
b - 6 stones The slave hits you!
You die...

#p.'s≈S≈#..# #..#≈≈≈ #..# *
###..#S≈∩≈#..# ,,
....#≈≈≈r#..# #####..#w≈≈r#..#
.......######..# ##..........#
#...#######p##########
##...####....@........#
#..?......#..########.#
####..#.######.## ##.#
.............#.########.#.###*
###..##.#..............###..
..... #<#.[.....#######.#.###
#.... #.#.......# ##.# * #...,
#..#.....## #.# * # ##.#.....#
#.#


You could see a slave and a river rat (sleeping).

Vanquished Creatures
  A slave (D:4)
  2 adders (D:3)
  An ooze (D:1)
  An adder skeleton (D:4)
  A dart slug (D:2)
  An orc (D:3)
  5 bats
  2 giant cockroaches
  4 goblins
  2 hobgoblins
  7 jackals
  2 kobolds (D:1)
  A ball python (D:3)
  A quokka skeleton (D:4)
  3 rats
34 creatures vanquished.

Vanquished Creatures (others)
  A kobold (D:2)
1 creature vanquished.

Grand Total: 35 creatures vanquished

Notes
Turn   | Place    | Note
-------+----------+-------------------------------------------
     0 | D:1      | Amnesiac the Deep Dwarf Earth Elementalist began the quest
                  | for the Orb.
     0 | D:1      | Reached XP level 1. HP: 15/15 MP: 3/3
   147 | D:1      | Reached XP level 2. HP: 16/22 MP: 5/5
   154 | D:1      | Learned a level 2 spell: Passwall
   316 | D:2      | Reached skill level 5 in Earth Magic
   339 | D:2      | Reached XP level 3. HP: 14/28 MP: 6/6
   542 | D:4      | Noticed a slave
   543 | D:4      | Noticed a slave
   549 | D:4      | Found a glowing drain.
   555 | D:4      | Noticed Pikel
   555 | D:4      | Noticed a slave
   556 | D:4      | Noticed a slave
   581 | D:4      | Killed a slave
   649 | D:4      | Slain by a slave

Vault maps used:
D:1:      evilmike_arrival_home_sweet_home
D:2:      zin_purify, elyvilon_altar_4, uniq_natasha, uniq_terence, uniq_robin
D:3:      lemuel_crystal_altar, first_ration, guppyfry_early_orc_mine
D:4:      portal_sewer_entry_c, uniq_duvessa, uniq_pikel, uniq_sigmund

Skill      XL: |  1  2 |
---------------+-------+-----
Spellcasting   | 2 |  2.4
Earth Magic    | 5 |  5.7
Short Blades   | |  0.2
Dodging        | |  2.1
Stealth        | |  2.4
Transmutations | |  0.8

Action                   || total
-------------------------++-------
Melee: Short sword       ||    91
 Cast: Sandblast         ||    24
       Passwall          ||     2
  Use: Potion            ||     4
       Scroll            ||     4
 Stab: Sleeping          ||     3
Armor: Robe              ||    32
Dodge: Dodged            ||    88

Table legend:
 A = Non-vault XP
 B = Vault XP
 C = Vault XP percentage of total XP
 D = Non-vault monster count
 E = Vault monster count
 F = Vault count percentage of total count
                 A         B        C        D         E       F
            +---------+---------+-------+---------+---------+-------
      Total |      89 |       0 |   0.0 |      33 |       0 |   0.0
            +---------+---------+-------+---------+---------+-------
        D:1 |      19 |       0 |   0.0 |       9 |       0 |   0.0
        D:2 |      25 |       0 |   0.0 |      13 |       0 |   0.0
        D:3 |      33 |       0 |   0.0 |       6 |       0 |   0.0
        D:4 |      12 |       0 |   0.0 |       5 |       0 |   0.0
            +---------+---------+-------+---------+---------+-------
